 Dungeon Crawl Stone Soup version 0.21.1-1-g345015f (webtiles) character file.

147340 Mesmaeker13 the Brawler (level 16, -4/174 HPs)
             Began as a Troll Monk on Apr 12, 2018.
             Was a High Priest of Trog.
             Shot with an arrow by a naga sharpshooter (9 damage)
             ... on level 4 of the Snake Pit.
             The game lasted 00:54:03 (28026 turns).

Mesmaeker13 the Brawler (Troll Monk)               Turns: 28026, Time: 00:54:03

Health: -4/174     AC: 12    Str: 26    XL:     16   Next: 91%
Magic:  15/15      EV: 20    Int:  6    God:    Trog [*****.]
Gold:   2744       SH:  0    Dex: 12    Spells: 15/15 levels left

rFire    + . .     SeeInvis +     - Unarmed
rCold    + . .     Gourm    +   (no shield)
rNeg     . . .     Faith    .   k - +2 robe {rC+ rF+}
rPois    +         Spirit   .   G - +2 hat
rElec    .         Reflect  .   a - +2 cloak {rPois}
rCorr    .         Harm     .   (gloves unavailable)
MR       +++..                  (boots unavailable)
Stlth    ++........             q - amulet of regeneration
HPRegen  2.19/turn              c - ring of see invisible
MPRegen  0.14/turn              y - +5 ring of evasion

@: about to teleport, berserk cooldown, very slightly contaminated,
regenerating, slowed, constricted, very slow
A: large, unfitting armour, claws 3, clumsy 1, fast metabolism 3, gourmand,
regeneration 1, shaggy fur 1, tough skin 2
a: Berserk, Trog's Hand, Brothers in Arms, Burn Spellbooks, Renounce Religion


You were on level 4 of the Snake Pit.
You worshipped Trog.
Trog was extremely pleased with you.
You were near starving.

You visited 5 branches of the dungeon, and saw 28 of its levels.
You visited the Abyss 1 time.
You also visited: Ice Cave.

You collected 3050 gold pieces.
You spent 306 gold pieces at shops.

Inventory:

Hand Weapons
 T - a +4 scimitar of flaming
Missiles
 h - 20 large rocks (quivered)
 B - 4 javelins
 H - 8 tomahawks of returning
 U - 7 exploding tomahawks
Armour
 a - a +2 cloak of poison resistance (worn)
 k - a +2 robe of resistance (worn)
 C - a +0 shield
 G - a +2 hat (worn)
 V - a +0 large shield
Jewellery
 c - a ring of see invisible (left claw)
 l - an uncursed amulet of harm {unknown}
 q - an amulet of regeneration (around neck)
 r - an uncursed ring of positive energy
 y - a +5 ring of evasion (right claw)
 L - an uncursed amulet of magic regeneration {unknown}
 R - an uncursed ring of protection from cold
 S - an uncursed ring of flight
 Y - an uncursed ring of fire
Wands
 j - a wand of paralysis (3)
 D - a wand of iceblast (20)
 F - a wand of digging (8)
Scrolls
 e - a scroll of blinking
 g - 8 scrolls of teleportation
 m - 2 scrolls of fear {unknown}
 o - 4 scrolls of remove curse
 t - 3 scrolls of enchant weapon
 u - 3 scrolls of random uselessness {unknown}
 A - a scroll of acquirement {unknown}
 J - 3 scrolls of fog
 K - a scroll of brand weapon
 P - a scroll of summoning {unknown}
Potions
 d - a potion of resistance
 f - 6 potions of heal wounds
 i - 5 potions of haste
 p - 2 potions of lignification {unknown}
 s - 5 potions of curing
 v - a potion of invisibility {unknown}
 w - 2 potions of brilliance {unknown}
 x - 8 potions of agility
 z - 7 potions of flight {unknown}
 I - 3 potions of might {unknown}
 M - 3 potions of ambrosia
 O - a potion of magic {unknown}
Books
 n - a book of Enchantments

   Spells                             Type                      Level
   a - Cause Fear                     Hexes                        4
   b - Yara's Violent Unravelling     Hexes/Transmutation          5
   c - Silence                        Hexes/Air                    5
   d - Deflect Missiles               Charms/Air                   6
   e - Discord                        Hexes                        8
   Trog disapproves of the use of such an item.
 N - a book of Death

   Spells                             Type                      Level
   a - Corpse Rot                     Necromancy                   2
   b - Sublimation of Blood           Necromancy                   2
   c - Agony                          Necromancy                   5
   d - Dispel Undead                  Necromancy                   5
   e - Excruciating Wounds            Charms/Necromancy            5
   f - Bolt of Draining               Conjuration/Necromancy       5
   Trog disapproves of the use of such an item.
 Z - a book of Geomancy

   Spells                             Type                      Level
   a - Sandblast                      Earth                        1
   b - Passwall                       Transmutation/Earth          2
   c - Stone Arrow                    Conjuration/Earth            3
   d - Petrify                        Transmutation/Earth          4
   e - Lee's Rapid Deconstruction     Earth                        5
   Trog disapproves of the use of such an item.
Miscellaneous
 E - a sack of spiders
 Q - a lamp of fire
Comestibles
 b - 50 rations


   Skills:
 + Level 14.3 Fighting
 - Level 9.0 Throwing
 - Level 15.0 Dodging
 - Level 1.0 Stealth
 + Level 5.0 Shields
 + Level 16.6 Unarmed Combat


You had 15 spell levels left.
You didn't know any spells.

Dungeon Overview and Level Annotations

Branches:
Dungeon (15/15)            Temple (1/1) D:5            Lair (6/6) D:8
  Swamp (0/4) Lair:4        Snake (4/4) Lair:4        Slime (0/5) Lair:6
    Orc (2/2) D:9             Elf (0/3) Orc:2        Vaults (0/5) D:13
 Depths (0/5) D:15

Altars:
Ashenzari
Cheibriados
Dithmenos
Elyvilon
Fedhas
Gozag
Hepliaklqana
Kikubaaqudgha
Makhleb
Nemelex Xobeh
Okawaru
Qazlal
Sif Muna
Trog
Vehumet
Wu Jian
Xom
Yredelemnul
Zin
The Shining One
Beogh

Shops:
D:11 *   D:13 [   Orc:1 *   Orc:2 [=[*

Annotations:
Lair:1 exclusion: 5 oklob plants
Snake:4 Louise


Innate Abilities, Weirdness & Mutations

You are too large for most types of armour.
You have claws for hands.
Your metabolism is lightning-fast.
You like to eat raw meat.
Your natural rate of healing is unusually fast.
You are covered in fur. (AC +1)
You have very tough skin. (AC +2)
You are clumsy. (Dex -2)


Message History

The guardian serpent misses you. The nagaraja spits poison at you.
The splash of poison misses you.
The splash of poison hits the guardian serpent.
The guardian serpent completely resists.
The naga sharpshooter shoots an arrow.
The arrow hits you but does no damage.
The nagaraja hits you with a dagger of flaming.
* * * LOW HITPOINT WARNING * * *
The nagaraja grabs you.
* * * LOW HITPOINT WARNING * * *
The nagaraja constricts you. The guardian serpent hits you!!
* * * LOW HITPOINT WARNING * * *
As you read the scroll of teleportation, it crumbles to dust.
You feel strangely unstable. The guardian serpent hits you!!
* * * LOW HITPOINT WARNING * * *
The nagaraja closely misses you.
* * * LOW HITPOINT WARNING * * *
The nagaraja constricts you.
The naga sharpshooter shoots an arrow.
The arrow hits you!
You die...

#.........#.....**
#...........###,,**
#..........##.##,.# ##
########.........##...##.#
.#######.....##.###.....#.....#..
.##N.ยง##.....#*,*<#.....#.....#..
)#NN#.N.S....#*,*##.....###.###..
((S#####.....####N#.##..# #.# #..
.(##*###.....#SS@N#.###.###'###..
@##,.......#...####.###..........
..).######....###.....#########..
..### ###......[.#.### #.#
..#*####....#....##.# #.#
#..,............###.# ##.#
,...*####....##.....##########..#
,.............####.............##
*#......#.....####........######


You could see a nagaraja, a naga sharpshooter and 2 guardian serpents.

Vanquished Creatures
  2 nagarajas (Snake:2)
  Donald (Snake:1)
  A stone giant (Orc:1)
  2 entropy weavers
  An angel (Abyss:3)
  Snorg (D:13)
  An ettin (Orc:2)
  The ghost of soepske the Fighter, a journeyman DsBe of Trog (D:12)
  A blizzard demon (IceCv)
  Josephine (D:15)
  7 naga warriors
  2 rakshasas (D:15)
  Fannar (Lair:2)
  3 hydras
  Erolcha (D:10)
  4 anacondas
  2 centaur warriors
  4 catoblepae
  5 ogre magi
  A queen ant (Lair:6)
  3 dancing weapons (Abyss:3)
  A tengu warrior (D:14)
  5 death yaks (Lair:6)
  27 two-headed ogres
  4 naga sharpshooters
  3 shock serpents
  4 skeletal warriors (D:12)
  A sea snake (Snake:1)
  A salamander mystic (Snake:3)
  A naga ritualist (Snake:2)
  3 wizards
  2 orc knights
  5 mana vipers
  A wolf spider zombie (D:15)
  An orc sorcerer (Orc:2)
  6 manticores
  15 ugly things
  2 deep elf magi
  9 salamanders
  3 cyclopes
  12 elephants
  An ice statue (IceCv)
  5 centaur zombies
  4 guardian serpents
  8 naga magi
  21 black mambas
  5 gargoyles
  10 spiny frogs
  An efreet (D:15)
  3 torpor snails
  2 rime drakes (Lair:5)
  2 komodo dragons (Lair:1)
  3 freezing wraiths
  The ghost of VDreamerV the Changer, a novice OpTm (D:5)
  2 ice devils (IceCv)
  A komodo dragon (shapeshifter) (D:15)
  A kobold demonologist (D:11)
  A redback zombie (D:14)
  An anaconda simulacrum (IceCv)
  3 trolls
  3 meliai (D:15)
  11 blink frogs
  5 slime creatures
  10 hippogriffs
  10 dream sheep
  3 shadows
  Sigmund (D:3)
  6 wraiths (D:15)
  10 water elementals
  A tarantella (shapeshifter) (D:13)
  4 wyverns
  24 yaks
  5 dire elephant simulacra (IceCv)
  2 basilisks
  A steam dragon (Lair:4)
  2 death yak simulacra (IceCv)
  6 vampire mosquitoes
  A harpy simulacrum (IceCv)
  7 water moccasins
  2 acid dragons (D:15)
  4 insubstantial wisps
  3 iron troll simulacra (IceCv)
  A warg (D:14)
  22 nagas
  2 hydra simulacra (IceCv)
  27 soldier ants
  3 porcupines
  A black bear (D:7)
  4 ice beasts
  16 orc warriors
  4 phantoms
  A sky beast (D:9)
  2 ettin simulacra (IceCv)
  An eye of draining (D:14)
  A necrophage (D:10)
  A hornet zombie (D:15)
  34 ogres
  5 boggarts (D:15)
  A tengu (shapeshifter) (D:14)
  29 wolves
  8 centaurs
  8 crocodiles
  2 big kobolds (D:13)
  12 bullfrogs
  A small abomination (Abyss:3)
  7 killer bees
  3 scorpions
  A swamp dragon simulacrum (IceCv)
  13 wights
  6 electric eels
  5 howler monkeys
  2 bullfrog zombies
  6 crimson imps
  12 orc priests
  A draconian simulacrum (IceCv)
  8 jellies
  Crazy Yiuf (D:3)
  3 centaur skeletons
  8 hounds
  Jessica (D:8)
  2 bullfrog skeletons
  Ijyb (D:3)
  Natasha (D:3)
  3 iguanas
  8 orc wizards
  25 worker ants
  3 troll simulacra (IceCv)
  2 polar bear simulacra (IceCv)
  A spriggan simulacrum (IceCv)
  A wolf simulacrum (IceCv)
  2 killer bee zombies
  2 hound skeletons
  2 worker ant zombies
  4 ogre simulacra (IceCv)
  11 adders
  3 gnolls (D:2)
  A howler monkey skeleton (D:6)
  2 naga simulacra (IceCv)
  3 shadow imps
  9 white imps (IceCv)
  7 ufetubi (IceCv)
  An adder skeleton (D:2)
  2 adder zombies
  3 worms (D:3)
  4 dart slugs
  4 leopard geckos
  63 orcs
  5 bats
  6 giant cockroaches
  4 goblins
  5 hobgoblins
  19 jackals
  5 quokkas
  A frilled lizard (D:1)
  A jackal skeleton (D:4)
  19 kobolds
  A leopard gecko skeleton (D:4)
  A quokka skeleton (D:7)
  A quokka zombie (D:8)
  6 rats
  A plant (Lair:6)
855 creatures vanquished.

Vanquished Creatures (collateral kills)
  An ophan (Abyss:3)
  A blizzard demon (IceCv)
  A freezing wraith (IceCv)
  2 ice devils (IceCv)
  An anaconda simulacrum (IceCv)
  A yak (Lair:6)
7 creatures vanquished.

Vanquished Creatures (others)
  A naga (Snake:2)
  A white imp (IceCv)
  2 ufetubi (IceCv)
  An orc (Orc:2)
  18 fungi (Lair:6)
  17 plants (Lair:6)
40 creatures vanquished.

Grand Total: 902 creatures vanquished

Notes
Turn   | Place    | Note
-------+----------+-------------------------------------------
     0 | D:1      | Mesmaeker13 the Troll Monk began the quest for the Orb.
     0 | D:1      | Reached XP level 1. HP: 22/22 MP: 0/0
    66 | D:1      | Reached XP level 2. HP: 29/29 MP: 1/1
   298 | D:1      | Reached XP level 3. HP: 36/36 MP: 2/2
  1157 | D:2      | Reached XP level 4. HP: 45/45 MP: 3/3
  1227 | D:2      | Found a faded altar of an unknown god.
  1676 | D:3      | Reached skill level 4 in Unarmed Combat
  1698 | D:3      | Noticed Sigmund
  1713 | D:3      | Killed Sigmund
  1713 | D:3      | Reached XP level 5. HP: 47/54 MP: 4/4
  1722 | D:3      | Reached XP level 6. HP: 60/62 MP: 5/5
  1770 | D:3      | Noticed Ijyb
  1777 | D:3      | Killed Ijyb
  1952 | D:3      | Noticed Natasha
  1956 | D:3      | Killed Natasha
  2130 | D:3      | Found a runed door.
  2414 | D:3      | Noticed Crazy Yiuf
  2421 | D:3      | Killed Crazy Yiuf
  2421 | D:3      | Reached skill level 5 in Unarmed Combat
  2876 | D:4      | Found an ornate altar of the Wu Jian Council.
  2940 | D:4      | Reached XP level 7. HP: 70/70 MP: 6/6
  3555 | D:5      | Entered Level 5 of the Dungeon
  3555 | D:5      | Noticed VDreamerV's ghost (novice OpTm)
  3560 | D:5      | Killed VDreamerV's ghost
  3640 | D:5      | Reached skill level 6 in Unarmed Combat
  3641 | D:5      | You fall through a shaft for 2 floors!
  3680 | D:7      | Reached skill level 5 in Fighting
  3680 | D:7      | Reached skill level 5 in Dodging
  3842 | D:7      | Reached XP level 8. HP: 79/80 MP: 7/7
  4398 | D:5      | Found a glowing golden altar of the Shining One.
  4461 | D:5      | Found a staircase to the Ecumenical Temple.
  4466 | Temple   | Entered the Ecumenical Temple
  4489 | Temple   | Became a worshipper of Trog the Wrathful
  4489 | Temple   | Reached * piety under Trog
  4489 | Temple   | Reached ** piety under Trog
  4543 | D:5      | Found an ancient bone altar of Kikubaaqudgha.
  4571 | D:5      | Found a shattered altar of Ashenzari.
  4990 | D:6      | Found an opulent altar of Gozag.
  4996 | D:6      | Reached skill level 7 in Unarmed Combat
  5066 | D:6      | Reached skill level 1 in Throwing
  5457 | D:7      | Reached XP level 9. HP: 89/89 MP: 8/8
  5531 | D:7      | Found a glowing silver altar of Zin.
  5743 | D:8      | Found a basalt altar of Yredelemnul.
  5744 | D:8      | Noticed a rust devil
  5744 | D:8      | Noticed a rust devil
  5749 | D:8      | Noticed a rust devil
  6030 | D:8      | Found a staircase to the Lair.
  6030 | D:8      | Noticed a two-headed ogre
  6043 | D:8      | Killed a two-headed ogre
  6043 | D:8      | Reached skill level 8 in Unarmed Combat
  6121 | D:8      | Noticed Jessica
  6124 | D:8      | Killed Jessica
  6135 | D:8      | Found a deep blue altar of Sif Muna.
  6356 | D:8      | Reached *** piety under Trog
  6824 | D:9      | Found a staircase to the Orcish Mines.
  6844 | D:9      | Found a roughly hewn altar of Beogh.
  6976 | D:9      | Reached XP level 10. HP: 102/102 MP: 9/9
  7360 | D:9      | Found a stormy altar of Qazlal.
  7661 | D:10     | Entered Level 10 of the Dungeon
  7885 | D:10     | Reached skill level 9 in Unarmed Combat
  7886 | D:10     | Reached **** piety under Trog
  7990 | D:10     | Reached skill level 5 in Throwing
  8008 | D:10     | Noticed Erolcha
  8150 | D:10     | Killed Erolcha
  8170 | D:9      | Found an iron altar of Okawaru.
  8170 | D:9      | Found a burning altar of Makhleb.
  8437 | D:11     | Noticed a two-headed ogre
  8451 | D:11     | Killed a two-headed ogre
  8584 | D:11     | Found Umilien's Assorted Antiques.
  8592 | D:11     | Bought an embroidered hat for 238 gold pieces
  8592 | D:11     | Bought a scroll of identify for 68 gold pieces
  8623 | D:11     | Noticed a sun demon
  8625 | D:11     | Noticed a soul eater
  8775 | D:11     | Noticed a manticore
  8787 | D:11     | Killed a manticore
  8787 | D:11     | Reached XP level 11. HP: 68/111 MP: 10/10
  9345 | Lair:1   | Entered Level 1 of the Lair of Beasts
  9453 | Lair:1   | Noticed an oklob plant
  9457 | Lair:1   | Noticed an oklob plant
  9816 | Lair:1   | Reached skill level 10 in Unarmed Combat
  9883 | Lair:1   | Noticed an oklob plant
  9996 | Lair:1   | Noticed an oklob plant
  9997 | Lair:1   | Noticed an oklob plant
 10537 | Lair:2   | Noticed Fannar
 10558 | Lair:2   | Killed Fannar
 10575 | Lair:2   | Received a gift from Trog
 11127 | Lair:3   | Received a gift from Trog
 11799 | Lair:4   | Reached XP level 12. HP: 123/123 MP: 11/11
 11931 | Lair:4   | Reached skill level 11 in Unarmed Combat
 11977 | Lair:4   | Noticed a catoblepas
 11987 | Lair:4   | Killed a catoblepas
 11988 | Lair:4   | Found a staircase to the Swamp.
 12000 | Lair:4   | Noticed a four-headed hydra
 12071 | Lair:4   | Noticed an eight-headed hydra
 12092 | Lair:4   | Killed an eight-headed hydra
 12196 | Lair:4   | Killed a four-headed hydra
 12440 | Lair:4   | Found a staircase to the Snake Pit.
 13526 | Lair:6   | Entered Level 6 of the Lair of Beasts
 13537 | Lair:5   | Reached skill level 10 in Fighting
 13547 | Lair:5   | Received a gift from Trog
 13547 | Lair:5   | Reached skill level 10 in Dodging
 13780 | Lair:6   | Reached XP level 13. HP: 122/133 MP: 12/12
 13816 | Lair:6   | Noticed an entropy weaver
 13902 | Lair:6   | Found a staircase to the Slime Pits.
 13919 | Lair:5   | Reached skill level 12 in Unarmed Combat
 14001 | Lair:6   | Received a gift from Trog
 14204 | Lair:6   | Reached ***** piety under Trog
 14999 | Lair:6   | Reached skill level 13 in Unarmed Combat
 15007 | Lair:6   | Received a gift from Trog
 15304 | Lair:6   | Noticed an entropy weaver
 15388 | Lair:5   | Killed an entropy weaver
 15447 | Lair:6   | Killed an entropy weaver
 15450 | Lair:6   | Reached XP level 14. HP: 82/146 MP: 13/13
 15553 | Lair:6   | Received a gift from Trog
 15554 | Lair:6   | Found the +7 lajatang of Order {silver, rMut}
 16052 | Orc:1    | Entered Level 1 of the Orcish Mines
 16127 | Orc:1    | Found Ruriacuk's Assorted Antiques.
 16366 | Orc:1    | Noticed a stone giant
 16489 | Orc:1    | Killed a stone giant
 16779 | Orc:2    | Entered Level 2 of the Orcish Mines
 16786 | Orc:2    | Found a staircase to the Elven Halls.
 17367 | Orc:2    | Received a gift from Trog
 17609 | Orc:2    | Reached skill level 14 in Unarmed Combat
 17853 | Orc:2    | Found Dipew's General Store.
 17853 | Orc:2    | Found Utal's Antique Armour Shoppe.
 17854 | Orc:2    | Found Jempym's Jewellery Shoppe.
 17854 | Orc:2    | Found Seolaugess's Armour Shop.
 18211 | D:12     | Received a gift from Trog
 18527 | D:12     | Noticed soepske's ghost (journeyman DsBe)
 18545 | D:12     | Killed soepske's ghost
 18633 | D:12     | Found a radiant altar of Vehumet.
 19400 | D:13     | Noticed Snorg
 19418 | D:13     | Killed Snorg
 19494 | D:13     | Reached XP level 15. HP: 147/158 MP: 14/14
 19573 | D:13     | Found a gate to the Vaults.
 19805 | D:13     | Found Lunnifeu's Armour Shoppe.
 20057 | D:14     | Found a shadowy altar of Dithmenos.
 20158 | D:14     | Received a gift from Trog
 20458 | D:14     | Reached skill level 15 in Unarmed Combat
 21009 | D:15     | Entered Level 15 of the Dungeon
 21110 | D:15     | Noticed Josephine
 21115 | D:15     | Killed Josephine
 21375 | D:15     | Reached ****** piety under Trog
 21992 | D:15     | Received a gift from Trog
 22193 | D:15     | Received a gift from Trog
 22505 | D:15     | Found a staircase to the Depths.
 22818 | Snake:1  | Entered Level 1 of the Snake Pit
 22933 | Snake:1  | Received a gift from Trog
 22933 | Snake:1  | Reached XP level 16. HP: 77/170 MP: 15/15
 23301 | Snake:1  | Noticed Donald
 23313 | Snake:1  | Killed Donald
 23328 | Snake:1  | Reached skill level 15 in Dodging
 23811 | Snake:1  | Reached skill level 1 in Shields
 23877 | Snake:1  | Found a shadowy altar of Dithmenos.
 24563 | Snake:2  | Reached skill level 16 in Unarmed Combat
 25426 | Snake:2  | Received a gift from Trog
 26536 | Snake:4  | Entered Level 4 of the Snake Pit
 26561 | Snake:4  | Found a frozen archway.
 26576 | IceCv    | Entered an ice cave
 27404 | IceCv    | Received a gift from Trog
 27833 | Snake:4  | Noticed Louise
 27852 | Snake:4  | Cast into level 3 of the Abyss (Louise)
 27906 | Abyss:3  | Gained mutation: You are clumsy. (Dex -2) [a neqoxec]
 27986 | Abyss:3  | Reached skill level 5 in Shields
 27997 | Abyss:3  | Found a glowing golden altar of the Shining One.
 28018 | Snake:4  | Escaped the Abyss
 28026 | Snake:4  | HP: 8/174 [guardian serpent (23)]
 28026 | Snake:4  | Shot with an arrow by a naga sharpshooter

Skill      XL: |  1  2  3  4  5  6  7  8  9 10 11 12 13 14 15 16 |
---------------+-------------------------------------------------+-----
Dodging        | 3 4 5 6 7 8 9 10 11 13 14 15 | 15.0
Fighting       | 3 4 5 6 7 8 9 10 11 12 13 14 | 14.3
Unarmed Combat | 4 5 6 7 8 9 10 11 13 14 15 16 | 16.6
Throwing       | 1 4 6 7 9 |  9.0
Shields        | 5 |  5.0
Stealth        | |  1.0

Action                   |  1- 3 |  4- 6 |  7- 9 | 10-12 | 13-15 | 16-18 || total
-------------------------+-------+-------+-------+-------+-------+-------++-------
Melee: Unarmed           |    95 |   112 |   307 |   649 |  1311 |   515 ||  2989
       Punch             |     1 |     4 |    10 |    36 |   119 |    58 ||   228
       Quarterstaff      |       |       |       |    14 |       |       ||    14
Throw: Throwing net      |       |       |     2 |       |       |       ||     2
       Tomahawk          |       |       |       |     8 |     6 |       ||    14
       Large rock        |       |       |       |       |     1 |       ||     1
Invok: Berserk           |       |       |     1 |    16 |    22 |     7 ||    46
       Burn Spellbooks   |       |       |     1 |     1 |     2 |     1 ||     5
       Trog's Hand       |       |       |       |     3 |     6 |     3 ||    12
       Brothers in Arms  |       |       |       |       |     1 |     3 ||     4
Evoke: Wand              |       |     2 |     1 |     1 |       |       ||     4
  Use: Scroll            |     2 |     2 |     1 |     8 |     7 |     9 ||    29
       Potion            |       |       |       |     1 |     2 |     1 ||     4
 Stab: Sleeping          |       |     5 |     5 |     7 |     1 |       ||    18
       Petrified         |       |       |       |       |     2 |       ||     2
  Eat: Chunk             |    14 |    16 |    39 |    79 |   105 |    16 ||   269
       Ration            |       |       |       |       |       |    10 ||    10
Armor: Robe              |    31 |    22 |    75 |   190 |   192 |    80 ||   590
Dodge: Dodged            |    60 |    46 |   227 |   804 |  1199 |   465 ||  2801
